Map: Korhal Carnage Knockout LE

Players

JimRising

  • Race: Zerg Zerg
  • League: Grandmaster

Kelazhur - Winner!

  • Race: Terran Terran
  • League: Master

Event: Team Gravity's Fight Night #40

VOD

Have the link to the VOD?

Description

Time

  • Played on: April 10, 2016, 6:57 p.m.
  • Length: 5:56

All games in this series

Show
View Real Time Build Order
Export as new Build Order

JimRising Zerg 

Build Orders: Pool First 

Get SALT Encoding   

  12  0:01  Drone  
  13  0:08  Drone  
  14  0:29  Overlord  
  14  0:31  Extractor, Drone  
  14  0:40  Spawning Pool  
  13  0:45  Drone  
  13  0:48  Drone  
  15  0:56  Drone  
  16  1:05  Drone  
  17  1:33  Hatchery  
  17  1:34  Metabolic Boost  
  17  1:40  Zergling x2  
  17  1:42  Zergling x2  
  17  1:43  Zergling x2  
  19  1:51  Zergling x2  
  20  1:58  Queen  
  22  2:04  Overlord  
  22  2:24  Drone x2  
  24  2:38  Queen  
  24  2:42  Overlord  
  26  2:50  Drone  
  27  2:52  Drone  
  28  3:09  Drone x3  
  28  3:10  Drone x4  
  34  3:18  Roach Warren, Drone  
  33  3:36  Drone  
  33  3:38  Drone  
  33  3:40  Hatchery  
  34  3:41  Overlord  
  34  3:49  Overlord  
  34  3:52  Overlord  
  34  4:00  Roach x2  
  34  4:01  Roach  
  40  4:04  Roach  
  40  4:09  Extractor, Drone x2  
  43  4:11  Drone  
  43  4:15  Drone x2  
  46  4:19  Drone  
  47  4:25  Drone x2  
  47  4:31  Overlord  
  49  4:40  Drone  
  49  4:41  Roach x2, Baneling Nest  
  49  4:42  Roach  
  55  4:47  Roach x2  
  59  4:54  Roach x2  
  62  5:03  Overlord  
  62  5:05  Zergling x10  
  66  5:08  Zergling x4  
  66  5:13  Zergling x4  
  70  5:19  Zergling x2  
  71  5:23  Zergling x2  
  72  5:32  Zergling x4  
Show
View Real Time Build Order
Export as new Build Order

Kelazhur Terran - Winner!

Build Orders: Reaper Expand 

Get SALT Encoding   

  12  0:01  SCV  
  13  0:13  SCV  
  14  0:16  Supply Depot  
  14  0:25  SCV  
  15  0:38  SCV  
  15  0:39  Barracks  
  16  0:43  Refinery  
  16  0:50  SCV  
  17  1:02  SCV  
  18  1:15  SCV  
  19  1:27  Orbital Command, Reaper  
  20  1:38  Command Center  
  20  1:49  Supply Depot  
  20  1:53  SCV  
  21  1:59  Barracks Reactor  
  21  2:05  SCV  
  21  2:06  Barracks  
  22  2:16  Refinery  
  22  2:17  SCV  
  22  2:22  Factory  
  23  2:29  SCV  
  23  2:39  Marine x2  
  25  2:45  Supply Depot  
  25  2:47  SCV  
  26  2:56  Barracks Tech Lab  
  26  2:57  Marine x2, Command Center  
  28  3:05  SCV  
  28  3:16  Stimpack  
  28  3:17  SCV  
  29  3:27  Marine x3  
  29  3:29  SCV  
  33  3:35  Factory Reactor, Starport  
  33  3:42  Supply Depot  
  33  3:46  Marine  
  33  3:47  Marine  
  35  3:48  Marine  
  35  3:52  SCV  
  37  4:05  SCV  
  37  4:08  Marine x3  
  41  4:10  Orbital Command  
  41  4:19  Medivac x2  
  41  4:24  SCV  
  46  4:27  Marine x2  
  46  4:28  Marine  
  46  4:29  Orbital Command  
  49  4:43  SCV  
  49  4:45  Marine x2  
  51  4:46  Marine  
  51  4:50  Medivac x2  
  57  4:56  SCV  
  58  5:04  SCV, Marine x2  
  58  5:05  Marine  
  62  5:16  Supply Depot  
  62  5:25  Supply Depot  
  62  5:37  SCV x2, Marine x3  

Tags
 
Add a new tag
Caveats
  • Supply blocks, unpowered buildings, or Contaminate may cause inaccurate times.
  • Supply counts are checked every 10 seconds.